 Dungeon Crawl Stone Soup version 0.17-a0-1468-gbf503c2 (webtiles) character file.

13674 pulse the Cleaver (level 12, -26/98 HPs)
             Began as a Formicid Berserker on July 1, 2015.
             Was a High Priest of Trog.
             Annihilated by a white ugly thing (35 damage)
             ... on level 14 of the Dungeon.
             The game lasted 00:34:15 (14088 turns).

pulse the Cleaver (Formicid Berserker)             Turns: 14088, Time: 00:34:16

Health: -26/98     AC: 27    Str: 24    XL:     12   Next: 35%
Magic:  12/12      EV:  8    Int: 11    God:    Trog [*****.]
Gold:   497        SH:  0    Dex: 11    Spells: 0 memorised, 11 levels left

rFire  . . .     SeeInvis +     B - +2 broad axe of Watchfulness {speed, Int+2}
rCold  . . .     Clarity  .     i - +1 plate armour
rNeg   . . .     SustAt   .     (no shield)
rPois  +         Gourm    .     (helmet unavailable)
rElec  .         Spirit   .     z - +1 cloak {rPois}
rCorr  .         Warding  .     k - +1 pair of gloves
rMut   +         Stasis   +     f - +2 pair of boots
MR     +++..                    t - amulet of resist mutation
Stlth  ..........               F - +2 ring of slaying
                                b - +3 ring of protection

@: regenerating, extremely resistant to hostile enchantments, extremely
unstealthy
A: permanent stasis, dig shafts and tunnels, four strong arms, antennae 3
a: Dig, Shaft Self, Burn Spellbooks, Trog's Hand, Brothers in Arms, Renounce
Religion


You were on level 14 of the Dungeon.
You worshipped Trog.
Trog was extremely pleased with you.
You were not hungry.

You visited 1 branch of the dungeon, and saw 13 of its levels.

You collected 497 gold pieces.

Inventory:

Hand weapons
 B - the +2 broad axe of Watchfulness (weapon) {speed, Int+2}
   (Trog gifted it to you on level 9 of the Dungeon)

   Attacks with this weapon are significantly faster.
   It affects your intelligence (+2).
Armour
 f - a +2 pair of boots (worn)
 i - a +1 plate armour (worn)
 k - a +1 pair of gloves (worn)
 z - a +1 cloak of poison resistance (worn)
Rods
 u - a +0 iron rod (9/9)
   (You found it on level 11 of the Dungeon)
Jewellery
 b - a +3 ring of protection (left hand)
 p - an uncursed ring of fire
 t - an amulet of resist mutation (around neck)
 y - an uncursed ring of magical power
 F - a +2 ring of slaying (right hand)
Magical devices
 d - a wand of slowing (16)
 e - a wand of digging (12)
 v - a wand of paralysis (6)
 L - a wand of disintegration (11)
Scrolls
 a - 3 scrolls of noise {unknown}
 g - 3 scrolls of amnesia
 h - a scroll of magic mapping {unknown}
 l - 3 scrolls of recharging
 m - 2 scrolls of fog
 r - 3 scrolls of identify
 s - 2 scrolls of teleportation {unknown}
 w - 2 scrolls of immolation {unknown}
 x - 4 scrolls of remove curse
 A - 2 scrolls of random uselessness {unknown}
 E - a scroll of enchant weapon {unknown}
 J - 3 scrolls of blinking {unknown}
Potions
 j - a potion of magic
 o - 2 potions of cure mutation
 q - a potion of resistance
 D - 2 potions of curing
 G - 3 potions of lignification
 H - a potion of ambrosia
 K - 2 potions of flight
Comestibles
 c - 5 bread rations
 n - 5 meat rations


   Skills:
 + Level 10.4 Fighting
 * Level 13.3 Axes
 + Level 11.4 Armour
 - Level 1.7 Dodging


You had 11 spell levels left.
You didn't know any spells.

Dungeon Overview and Level Annotations

Branches:
Dungeon (14/15)            Temple (0/1) D:4            Lair (0/8) D:10
    Orc (0/4) D:10
 Vaults: D:13-14

Altars:
Fedhas
Gozag
Nemelex Xobeh
Okawaru
Trog
Zin

Shops:
D:10 [

Annotations:
D:3 dunyain's ghost, average DsGl
D:12 pulse's ghost, powerful FoBe


Innate Abilities, Weirdness & Mutations

You are under a permanent stasis effect.
You can dig through walls and to a lower floor.
Your four strong arms can wield two-handed weapons with a shield.
You have a pair of large antennae on your head (SInv).


Message History

You are too injured to fight recklessly!
Unknown command.
You are too injured to fight recklessly!
You are too injured to fight recklessly!
Unknown command.
Drink which item? (? for menu, Esc to quit)
You feel much better. The white ugly thing claws you.
The white ugly thing freezes you!!
* * * LOW HITPOINT WARNING * * *
The white ugly thing closely misses you.
Drink which item? (? for menu, Esc to quit)
Okay, then.
The white ugly thing basks in the mutagenic energy from its kin and changes!
Use which ability? (? or * to list)
Your skin crawls.
You feel resistant to hostile enchantments.
You feel slightly more hungry. The white ugly thing claws you.
* * * LOW HITPOINT WARNING * * *
The white ugly thing freezes you!!
You die...

#..........
#........
#...)..#
#...[(.#
#...)).#
#......#
###....#
#...)#
#...@##+##..
#...u.......
#..u........
#.......####
##......#
#......#
#......#
#......#
#......#


You could see 2 ugly things.

Vanquished Creatures
  Erolcha (D:9)
  Josephine (D:11)
  Erica (D:11)
  A hill giant (D:10)
  An ugly thing (D:14)
  Psyche (D:8)
  A gargoyle (D:11)
  4 trolls
  A fire drake (D:10)
  Prince Ribbit (D:5)
  2 deep elf magi
  2 hungry ghosts
  2 hippogriffs
  5 wraiths (D:11)
  A mottled dragon (D:11)
  2 water moccasins
  A soldier ant (shapeshifter) (D:11)
  4 orc warriors
  3 ogres
  A sky beast (D:6)
  10 centaurs
  2 necrophages (D:11)
  4 ice beasts
  4 phantoms
  A crocodile (D:11)
  5 giant frogs
  2 wyvern skeletons
  4 wights (D:9)
  A scorpion (D:6)
  10 killer bees
  A wasp zombie (D:9)
  9 hounds
  4 centaur skeletons
  3 centaur zombies
  7 crimson imps
  Crazy Yiuf (D:5)
  A giant frog skeleton (D:10)
  Ijyb (D:2)
  3 jellies
  4 orc priests
  A gnoll shaman (D:7)
  6 iguanas
  8 orc wizards
  5 worker ants
  2 hound skeletons
  A hound zombie (D:9)
  12 adders
  17 gnolls
  A shadow imp (D:6)
  2 oozes
  An adder zombie (D:8)
  10 worms
  5 giant geckos
  32 orcs
  11 bats
  A bat skeleton (D:4)
  A bat zombie (D:3)
  7 giant cockroaches
  22 goblins
  14 hobgoblins
  7 jackals
  2 quokkas (D:3)
  5 giant newts
  18 kobolds
  17 rats
321 creatures vanquished.

Notes
Turn   | Place    | Note
--------------------------------------------------------------
     0 | D:1      | pulse the Formicid Berserker began the quest for the Orb.
     0 | D:1      | Reached XP level 1. HP: 18/18 MP: 1/1
   199 | D:1      | Reached XP level 2. HP: 21/24 MP: 2/2
   656 | D:2      | Reached skill level 4 in Axes
   656 | D:2      | Reached XP level 3. HP: 20/29 MP: 3/3
  1033 | D:2      | Acquired Trog's second power
  1333 | D:2      | Noticed Ijyb
  1358 | D:2      | Killed Ijyb
  1358 | D:2      | Reached XP level 4. HP: 31/35 MP: 4/4
  1637 | D:2      | Reached skill level 5 in Axes
  1637 | D:2      | Reached XP level 5. HP: 41/41 MP: 5/5
  1770 | D:2      | Found a sparkling altar of Nemelex Xobeh.
  1771 | D:2      | Found an opulent altar of Gozag.
  2668 | D:3      | Reached XP level 6. HP: 41/47 MP: 6/6
  3213 | D:3      | Noticed dunyain's ghost (average DsGl)
  3474 | D:4      | Reached skill level 6 in Axes
  3593 | D:4      | Found a staircase to the Ecumenical Temple.
  3691 | D:4      | Reached XP level 7. HP: 46/52 MP: 7/7
  4752 | D:5      | Entered Level 5 of the Dungeon
  4863 | D:5      | Reached skill level 5 in Armour
  4928 | D:5      | Noticed Prince Ribbit
  4958 | D:5      | HP: 1/52 [Prince Ribbit (10)]
  4991 | D:4      | Reached skill level 7 in Axes
  5330 | D:5      | Reached XP level 8. HP: 58/58 MP: 8/8
  5443 | D:5      | Killed Prince Ribbit
  5470 | D:5      | Acquired Trog's third power
  5682 | D:5      | Noticed Crazy Yiuf
  5698 | D:5      | Killed Crazy Yiuf
  6390 | D:4      | Reached skill level 8 in Axes
  7164 | D:6      | Reached XP level 9. HP: 60/66 MP: 9/9
  7313 | D:6      | Reached skill level 9 in Axes
  7372 | D:6      | Reached skill level 5 in Fighting
  8846 | D:7      | Found a blossoming altar of Fedhas.
  9043 | D:8      | Found a blossoming altar of Fedhas.
  9077 | D:8      | Reached XP level 10. HP: 63/76 MP: 10/10
  9323 | D:8      | Found an iron altar of Okawaru.
  9364 | D:8      | Found a glowing silver altar of Zin.
  9739 | D:8      | Reached skill level 10 in Axes
  9976 | D:8      | Noticed Psyche
  9998 | D:8      | Killed Psyche
 10320 | D:9      | Reached skill level 10 in Armour
 10544 | D:9      | Noticed Erolcha
 10571 | D:9      | Killed Erolcha
 10753 | D:9      | Reached XP level 11. HP: 85/87 MP: 11/11
 10896 | D:9      | Received a gift from Trog
 10909 | D:9      | Got a faintly glowing broad axe {god gift}
 10910 | D:9      | Identified the +2 broad axe of Watchfulness {speed, Int+2} (Trog gifted it to you on level 9 of the Dungeon)
 11028 | D:9      | Found a bloodstained altar of Trog.
 11298 | D:10     | Entered Level 10 of the Dungeon
 11333 | D:10     | Found Ogipsez's Armour Emporium.
 11435 | D:10     | Noticed a hill giant
 11463 | D:10     | Killed a hill giant
 11463 | D:10     | Reached skill level 11 in Armour
 11715 | D:10     | Found a staircase to the Orcish Mines.
 11748 | D:10     | Found a staircase to the Lair.
 12043 | D:11     | Noticed Josephine
 12079 | D:11     | Killed Josephine
 12473 | D:11     | Reached skill level 12 in Axes
 12561 | D:11     | Noticed Erica
 12577 | D:11     | Killed Erica
 12577 | D:11     | Reached skill level 10 in Fighting
 12862 | D:11     | Reached XP level 12. HP: 97/97 MP: 12/12
 13714 | D:12     | Reached skill level 13 in Axes
 13757 | D:12     | Noticed pulse's ghost (powerful FoBe)
 13787 | D:12     | Noticed a five-headed hydra
 13807 | D:12     | You fall through a shaft for 2 floors!
 14079 | D:14     | Received a gift from Trog
 14088 | D:14     | Annihilated by a white ugly thing

Vault maps used:
D:1:      scummos_arrival_simple_crosswalls
D:2:      kennysheep_goblin_castle, grunt_temple_overflow_opulence
D:3:      first_bread
D:4:      temple_green
D:5:      uniq_crazy_yiuf_cottage, uniq_prince_ribbit1
D:6:      corexii_shack_village
D:7:      kennysheep_mini
D:8:      zin_academy, okawaru_ov_weapons_minmay, basic_altar, uniq_psyche
D:9:      lemuel_coloured_pillars_altar, uniq_erolcha
D:10:     minmay_lair_entry_lava, orc_0_dummy, serial_shops, shop
D:11:     uniq_josephine, uniq_erica
D:12:     cheibrodos_lost_city_excavation
D:14:     wad_floor_pattern_2, serial_shops, nicolae_shop_behind_doors,
          grunt_ogre_cave, einodemon_barbed_minivault, uniq_roxanne

Action                   |  1- 3 |  4- 6 |  7- 9 | 10-12 || total
-------------------------+-------+-------+-------+-------++-------
Melee: Hand axe          |   116 |   173 |   421 |       ||   710
       Long sword        |       |   249 |       |       ||   249
       Flail             |       |       |   309 |   241 ||   550
       Broad axe         |       |       |       |   358 ||   358
Invok: Trog's Hand       |       |       |     1 |     1 ||     2
       Burn Spellbooks   |       |       |       |     2 ||     2
 Abil: Shaft Self        |       |       |       |     1 ||     1
Evoke: Wand              |       |       |     2 |       ||     2
  Use: Potion            |     2 |     1 |     6 |     4 ||    13
       Scroll            |       |    14 |       |     4 ||    18
 Stab: Paralysed         |       |       |     5 |       ||     5
       Invisible         |       |       |       |     2 ||     2
  Eat: Meat ration       |     1 |       |       |       ||     1
       Chunk             |       |     3 |    12 |     7 ||    22
       Bread ration      |       |     1 |       |     2 ||     3
       Beef jerky        |       |       |     2 |     1 ||     3
       Royal jelly       |       |       |       |     1 ||     1
